 Dungeon Crawl Stone Soup version 0.16.1 (webtiles) character file.

154 Gigax the Insei (level 5, -4/37 HPs)
             Began as an Octopode Monk on Mar 23, 2015.
             Slain by a centaur (9 damage)
             ... on level 3 of the Dungeon.
             The game lasted 00:03:38 (2362 turns).

Gigax the Insei (Octopode Monk)                     Turns: 2362, Time: 00:03:38

Health: -4/37      AC:  1    Str: 10    XL:     5   Next: 36%
Magic:  5/5        EV: 13    Int: 13    God:
Gold:   74         SH:  4    Dex: 15    Spells: 0 memorised, 4 levels left

rFire  . . .     SeeInvis .     o - +0 short sword (freeze)
rCold  . . .     Clarity  .     g - +0 buckler
rNeg   . . .     SustAb   .     (helmet restricted)
rPois  .         Gourm    .     (no amulet)
rElec  .         Spirit   .     (no ring)
rCorr  .         Warding  .     (no ring)
rMut   .         Stasis   .     (no ring)
MR     .....                    (no ring)
Stlth  +++.......               (no ring)
                                (no ring)
                                (no ring)
                                (no ring)

@: not resistant to hostile enchantments, fairly stealthy
A: almost no armour, amphibious, 8 rings, constrict 8, camouflage 1, gelatinous
body 1
a: no special abilities


You were on level 3 of the Dungeon.
You were hungry.

You visited 1 branch of the dungeon, and saw 3 of its levels.

You collected 74 gold pieces.

Inventory:

Hand weapons
 o - a +0 short sword of freezing (weapon)
Armour
 g - a +0 buckler (worn)
Jewellery
 k - an uncursed amulet of stasis
Magical devices
 t - a wand of flame (46)
Scrolls
 a - a scroll of random uselessness {unknown}
 h - a scroll of fog {unknown}
 i - a scroll of teleportation {unknown}
 j - 2 scrolls of enchant weapon {unknown}
 l - a scroll of identify {unknown}
 n - a scroll of immolation {unknown}
 p - a scroll of recharging
 u - a scroll of remove curse {unknown}
Potions
 d - a potion of magic {unknown}
 e - 3 potions of brilliance {unknown}
 f - a potion of cancellation {unknown}
 m - 2 potions of curing {unknown}
 q - a potion of degeneration {unknown}
 s - a potion of might {unknown}
Comestibles
 b - 4 bread rations
 c - 13 fruits
 r - a chunk of flesh


   Skills:
 + Level 3.7 Fighting
 - Level 3.1 Dodging
 - Level 2.8 Stealth
 * Level 2.2 Shields
 * Level 5.3 Unarmed Combat


You had 4 spell levels left.
You didn't know any spells.

Dungeon Overview and Level Annotations

Branches:
Dungeon (3/15)

Altars:
Kikubaaqudgha


Innate Abilities, Weirdness & Mutations

You cannot wear most types of armour.
You are amphibious.
You can wear up to eight rings at the same time.
You can use your tentacles to constrict many enemies at once.
Your skin changes colour to match your surroundings (Stealth).
Your rubbery body absorbs attacks (AC +1).


Message History

Huge Dmg: -16%(-6hp) hp: 33%(12hp)
You barely miss the centaur.
The centaur is severely wounded.
The centaur misses you.
You barely miss the centaur.
The centaur is severely wounded.
The centaur hits you. The centaur barely misses you.
You hit the centaur but do no damage.
You squeeze the centaur, but do no damage.
The centaur is severely wounded.
You block the centaur's attack. The centaur barely misses you.
You hit the centaur but do no damage. You squeeze the centaur.
The centaur is severely wounded.
The centaur hits you!
* * * LOW HITPOINT WARNING * * *
Huge Dmg: -19%(-7hp) hp: 14%(5hp)
You barely miss the centaur.
Your tentacle-slap misses the centaur.
The centaur is severely wounded.
The centaur hits you!
You die...

#..........#
#.##.......######
#.##.............
#.##..<....######
##.##.#######
#..##.# #.## .#
#(# . #@# #c# #.#
#.# ..# ###


You could see a centaur.

Vanquished Creatures
  A giant frog (D:3)
  3 adders
  A worm (D:3)
  4 giant geckos
  A ball python (D:1)
  6 bats
  A giant cockroach (D:3)
  14 goblins
  2 hobgoblins
  4 jackals (D:1)
  7 kobolds
  3 quokkas
  5 giant newts
  6 rats
58 creatures vanquished.

Notes
Turn   | Place    | Note
--------------------------------------------------------------
     0 | D:1      | Gigax, the Octopode Monk, began the quest for the Orb.
     0 | D:1      | Reached XP level 1. HP: 16/16 MP: 1/1
   181 | D:1      | Reached XP level 2. HP: 13/21 MP: 2/2
   903 | D:2      | Reached XP level 3. HP: 26/26 MP: 3/3
  1128 | D:2      | Reached skill level 1 in Shields
  1453 | D:2      | Found an ancient bone altar of Kikubaaqudgha.
  1541 | D:2      | Reached XP level 4. HP: 17/31 MP: 4/4
  2164 | D:3      | Noticed a giant frog
  2172 | D:3      | Killed a giant frog
  2172 | D:3      | Reached skill level 5 in Unarmed Combat
  2172 | D:3      | Reached XP level 5. HP: 34/37 MP: 5/5
  2350 | D:3      | Noticed a centaur
  2362 | D:3      | Slain by a centaur

Action                   |  1- 3 |  4- 6 || total
-------------------------+-------+-------++-------
Melee: Unarmed           |    76 |       ||    76
       Short sword       |     9 |    46 ||    55
  Use: Scroll            |       |     3 ||     3
 Stab: Sleeping          |     4 |     2 ||     6
  Eat: Chunk             |     1 |     3 ||     4
